 Dungeon Crawl Stone Soup version 0.25.1-1-g288607f (webtiles) character file.

Game seed: 376247558970889080

337 RonnieColeman the Conjurer (level 6, -2/42 HPs)
             Began as an Octopode Conjurer on Sept 10, 2020.
             Was an Initiate of Kikubaaqudgha.
             Slain by a worker ant (6 damage)
             ... on level 4 of the Dungeon.
             The game lasted 00:06:26 (4483 turns).

RonnieColeman the Conjurer (Octopode Conjurer)      Turns: 4483, Time: 00:06:26

Health: -2/42      AC:  1    Str:  7    XL:     6   Next: 54%
Magic:  12/12      EV: 13    Int: 20    God:    Kikubaaqudgha [......]
Gold:   99         SH:  0    Dex: 12    Spells: 13/14 levels left

rFire    . . .     SeeInvis .   c - +2 spear (vorpal)
rCold    . . .     Gourm    .   (no shield)
rNeg     . . .     Faith    .   (helmet restricted)
rPois    .         Spirit   .   (no amulet)
rElec    .         Reflect  .   (no ring)
rCorr    .         Harm     .   (no ring)
MR       .....                  (no ring)
Stlth    +++.......             (no ring)
HPRegen  0.14/turn              (no ring)
MPRegen  0.13/turn              (no ring)
                                (no ring)
                                (no ring)

@: brilliant
A: almost no armour, stealthy swim, amphibious, 8 rings, constrict 8, camouflage
1, gelatinous body 1
a: Renounce Religion


You were on level 4 of the Dungeon.
You worshipped Kikubaaqudgha.
Kikubaaqudgha was noncommittal.
You were not hungry.

You visited 1 branch of the dungeon, and saw 4 of its levels.

You collected 99 gold pieces.

Inventory:

Hand Weapons
 c - a +2 vorpal spear (weapon)
 j - a +2 dagger of speed
Wands
 g - a wand of disintegration (11)
Scrolls
 a - a scroll of identify {unknown}
 h - 3 scrolls of remove curse {unknown}
Potions
 f - a potion of flight {unknown}
 i - 2 potions of lignification {unknown}
 k - a potion of haste {unknown}
Comestibles
 b - 7 rations
 l - a chunk of flesh


   Skills:
 - Level 3.0 Fighting
 - Level 2.0 Dodging
 - Level 2.6 Stealth
 * Level 4.5 Spellcasting
 + Level 5.1 Conjurations


You had 13 spell levels left.
You knew the following spells:

 Your Spells              Type           Power        Failure   Level  Hunger
a - Magic Dart            Conj           ####         1%          1    None

Your spell library contained the following spells:

 Spells                   Type           Power        Failure   Level  Hunger
 Searing Ray              Conj           #####.       2%          2    None
 Dazzling Flash           Conj/Hex       ###...       13%         3    None
 Fulminant Prism          Conj/Hex       ###.......   38%         4    None
 Iskenderun's Mystic Bla  Conj/Tloc      ###.....     38%         4    None


Dungeon Overview and Level Annotations

Branches:
Dungeon (4/15)
 Temple: D:4-7

Altars:
Kikubaaqudgha
Okawaru
Wu Jian
Xom
Zin


Innate Abilities, Weirdness & Mutations

You cannot wear most types of armour.
You are very stealthy in the water. (Stealth+)
You are amphibious.
You can wear up to eight rings at the same time.
You can use your tentacles to constrict eight enemies at once.
Your skin changes colour to match your surroundings (Stealth+).
Your rubbery body absorbs attacks. (AC +1, EV +1)


Message History

The worker ant twitches its antennae in your direction.
It was a potion of brilliance.
You feel clever all of a sudden.
* * * LOW HITPOINT WARNING * * *
You feel sick.
It was a potion of curing.
You feel better.
A hound comes into view.
The worker ant bites you.
* * * LOW HITPOINT WARNING * * *
You closely miss the worker ant.
The hound barks!
You grab the worker ant. You constrict the worker ant.
The worker ant bites you!
* * * LOW HITPOINT WARNING * * *
You hit the worker ant. You squeeze the worker ant.
The worker ant is heavily wounded.
You constrict the worker ant, but do no damage.
The worker ant bites you.
You die...
Kikubaaqudgha rasps: "You have failed me!
Welcome... death!"

####### ### ... ...
..# #.# #.# #.#
####.# #.#### #.#
#..a.###....###.####
#).@................
#....###%.?.........
##.#.# #...####.####
#.... #...# #.#
#h.#........ ...
.....#...#####..#
........... ....
....$..#...# .....
#....## ....#


You could see a hound and a worker ant.

Vanquished Creatures
  A howler monkey (D:2)
  Crazy Yiuf (D:2)
  4 orc wizards (D:3)
  2 worker ants (D:4)
  5 adders
  2 dart slugs
  9 orcs (D:3)
  A ball python (D:3)
  6 bats
  3 giant cockroaches
  8 goblins
  3 hobgoblins (D:1)
  3 quokkas
  A frilled lizard (D:4)
  5 kobolds
  6 rats
60 creatures vanquished.

Notes
Turn   | Place    | Note
-------+----------+-------------------------------------------
     0 | D:1      | RonnieColeman the Octopode Conjurer began the quest for the
                  | Orb.
     0 | D:1      | Reached XP level 1. HP: 11/11 MP: 3/3
   131 | D:1      | Reached XP level 2. HP: 12/18 MP: 5/5
   966 | D:1      | Reached skill level 1 in Fighting
   992 | D:1      | You fall into a shaft and drop 1 floor!
  1004 | D:2      | Found a runed translucent door.
  1005 | D:2      | Noticed Crazy Yiuf
  1052 | D:2      | Reached XP level 3. HP: 18/23 MP: 7/7
  1157 | D:2      | Found an iron altar of Okawaru.
  1410 | D:2      | Found an ancient bone altar of Kikubaaqudgha.
  1430 | D:2      | Became a worshipper of Kikubaaqudgha
  1872 | D:2      | Found a shimmering altar of Xom.
  1882 | D:2      | Noticed an angel
  1886 | D:2      | Found a glowing silver altar of Zin.
  1895 | D:2      | Reached XP level 4. HP: 27/28 MP: 8/8
  2666 | D:3      | Reached XP level 5. HP: 21/34 MP: 10/10
  3116 | D:3      | HP: 1/34 [orc wizard/magic dart (9)]
  3439 | D:3      | Reached XP level 6. HP: 36/41 MP: 12/12
  3723 | D:3      | Found an ornate altar of the Wu Jian Council.
  4049 | D:2      | Killed Crazy Yiuf
  4049 | D:2      | Reached skill level 5 in Conjurations
  4483 | D:4      | Slain by a worker ant

Illustrated notes

Levels and vault maps discovered:
D:1:      elethiomel_arrival_diamonds, layout_basic, serial_corexii_hall,
          chequers_hall_statues_wall_a, chequers_hall_statues_y
D:2:      layout_loops_ring, grunt_temple_overflow_order_and_chaos_1,
          grunt_temple_overflow_open, uniq_crazy_yiuf_cottage
D:3:      layout_basic, nicolae_overflow_crystal_walls,
          chequers_serial_rivers_small_b
D:4:      layout_loops_ring, grunt_dithmenos_shadows, bloody_makhleb,
          first_ration, uniq_ijyb, uniq_duvessa

Skill      XL: |  1  2  3  4  5  6 |
---------------+-------------------+-----
Fighting       | 1 2 3 |  3.0
Spellcasting   | 3 4 |  4.5
Conjurations   | 5 |  5.1
Dodging        | |  2.0
Stealth        | |  2.6

Action                   |  1- 3 |  4- 6 || total
-------------------------+-------+-------++-------
Melee: Hand axe          |     9 |       ||     9
       Unarmed           |     7 |       ||     7
       Constrict         |    16 |    17 ||    33
       Tentacles         |     9 |    14 ||    23
       Short sword       |    35 |       ||    35
       Dagger            |    19 |     8 ||    27
       Spear             |       |    65 ||    65
 Cast: Magic Dart        |     6 |    38 ||    44
  Use: Potion            |       |     2 ||     2
 Stab: Sleeping          |     6 |     4 ||    10
  Eat: Chunk             |     3 |     8 ||    11
Armor: Skin              |    11 |    10 ||    21
Dodge: Dodged            |    51 |    68 ||   119
